 Dungeon Crawl Stone Soup version 0.22.1-1-ga44c0e56f4 (webtiles) character file.

168 LLavrengius the Skirmisher (level 5, -12/34 HPs)
             Began as a Gargoyle Fighter on Oct 27, 2018.
             Killed by divine providence
             ... invoked by an orc priest
              (17 damage)
             ... on level 3 of the Dungeon.
             The game lasted 00:04:21 (1980 turns).

LLavrengius the Skirmisher (Gargoyle Fighter)       Turns: 1980, Time: 00:04:22

Health: -12/34     AC: 10    Str: 21    XL:     5   Next: 48%
Magic:  5/5        EV:  7    Int:  8    God:
Gold:   164        SH:  9    Dex:  9    Spells: 4/4 levels left

rFire    . . .     SeeInvis .   a - +0 war axe
rCold    . . .     Gourm    .   c - +0 shield
rNeg     + . .     Faith    .   b - +0 scale mail
rPois    ∞         Spirit   .   (no helmet)
rElec    +         Reflect  .   h - scarf {repulsion}
rCorr    .         Harm     .   (no gloves)
MR       .....                  (no boots)
Stlth    ..........             (no amulet)
HPRegen  0.11/turn              (no ring)
MPRegen  0.09/turn              (no ring)

@: repel missiles
A: negative energy resistance 1, electricity resistance, unbreathing,
petrification resistance, rot immunity, AC +4
a: no special abilities


You were on level 3 of the Dungeon.
You were not hungry.

You visited 1 branch of the dungeon, and saw 3 of its levels.

You collected 164 gold pieces.

Inventory:

Hand Weapons
 a - a +0 war axe (weapon)
 n - a +0 hunting sling
Missiles
 i - 89 stones (quivered)
 p - 2 tomahawks
Armour
 b - a +0 scale mail (worn)
 c - a +0 shield (worn)
 h - a scarf of repulsion (worn)
Scrolls
 e - a scroll of teleportation {unknown}
 g - a scroll of fear {unknown}
 j - 5 scrolls of remove curse {unknown}
 k - 4 scrolls of identify {unknown}
 o - 2 scrolls of magic mapping {unknown}
Potions
 d - a potion of might
 l - 2 potions of curing {unknown}
 m - a potion of resistance {unknown}
Comestibles
 f - 5 rations


   Skills:
 + Level 4.6 Fighting
 * Level 4.2 Axes
 - Level 3.2 Armour
 - Level 3.2 Shields


You had 4 spell levels left.
You didn't know any spells.
Your spell library was empty.

Dungeon Overview and Level Annotations

Branches:
Dungeon (3/15)

Altars:
Hepliaklqana


Innate Abilities, Weirdness & Mutations

You are resistant to torment.
Your stone body is resilient. (AC +4)
You are immune to poison.
You resist negative energy. (rN+)
You are resistant to electric shocks. (rElec)
You can survive without breathing.
You are immune to petrification.
You are immune to rotting.


Message History

The orc hits you but does no damage.
The orc wizard gestures at you while chanting.
The puff of frost hits you!
* * * LOW HITPOINT WARNING * * *
You block the orc's attack.
You closely miss the orc priest.
The orc priest is lightly wounded.
You slash the orc wizard! You slash the orc!
You kill the orc!
You hit the orc.
The orc priest hits you but does no damage.
You block the orc's attack.
The orc hits you from afar with a trident of piercing.
* * * LOW HITPOINT WARNING * * *
x2 The orc wizard casts a spell at you.
The puff of frost is repelled.
The orc priest mumbles some strange prayers to Beogh against you.
Beogh smites you!
Ouch! That really hurt!
You die...

##.#. #.#.##
####....#########....#
+.....♣.♣.............
##.....♣......###....#
#..............##.#.## #
♣...$......♣......#
#..♣♣.....(....♣♣...#.#
......o.............#.#
......)@..............#
.....ooo####...........#
.......## ##......♣#..#
♣....!. #.....♣....#
.♣..... #......♣...#
♣...... #...........
...?... ........###
....... .........#


You could see an orc priest, an orc wizard and 2 orcs.

Vanquished Creatures
  An orc priest (D:3)
  A worker ant (D:2)
  5 adders
  A dart slug (D:2)
  A leopard gecko (D:2)
  5 orcs (D:3)
  A ball python (D:2)
  7 giant cockroaches
  9 goblins
  4 hobgoblins
  A quokka (D:2)
  6 bats
  6 frilled lizards
  5 kobolds
  10 rats
63 creatures vanquished.

Notes
Turn   | Place    | Note
-------+----------+-------------------------------------------
     0 | D:1      | LLavrengius the Gargoyle Fighter began the quest for the
                  | Orb.
     0 | D:1      | Reached XP level 1. HP: 14/14 MP: 1/1
   191 | D:1      | Reached XP level 2. HP: 16/19 MP: 2/2
   688 | D:2      | Reached XP level 3. HP: 20/24 MP: 3/3
   732 | D:2      | Found a hazy altar of Hepliaklqana.
   947 | D:2      | Reached XP level 4. HP: 27/29 MP: 4/4
  1632 | D:3      | Reached XP level 5. HP: 34/34 MP: 5/5
  1980 | D:3      | Killed from afar by an orc priest

Skill      XL: |  1  2  3  4  5 |
---------------+----------------+-----
Axes           | 2 3 4 |  4.2
Fighting       | 4 |  4.6
Armour         | |  3.2
Shields        | |  3.2

Action                   |  1- 3 |  4- 6 || total
-------------------------+-------+-------++-------
Melee: War axe           |   104 |   128 ||   232
  Eat: Chunk             |       |     4 ||     4
Armor: Scale mail        |    66 |    80 ||   146
Dodge: Dodged            |    40 |    45 ||    85
       Deflected         |       |     3 ||     3
Block: Shield            |    66 |    64 ||   130
